 Dungeon Crawl Stone Soup version 0.31-a0-1223-gfd5aef93c1 (webtiles) character file.

Game seed: 7482139972564686934

791 GreatBamboolord the Magician (level 7, 0/58 HPs)
             Began as a Deep Elf Earth Elementalist on Dec 14, 2023.
             Was an Initiate of Ashenzari.
             Succumbed to a gnoll's poison
             ... on level 5 of the Dungeon.
             The game lasted 00:07:14 (4464 turns).

GreatBamboolord the Magician (DEEE)                 Turns: 4464, Time: 00:07:15

Health: 0/58       AC: 23    Str:  4 (5)  XL:     7   Next: 57%
Magic:  8/17       EV:  2    Int: 19 (22) God:    Ashenzari [......]
Gold:   331        SH:  0    Dex: 12 (15) Spells: 11/17 levels left

rFire   . . .        v - staff of earth
rCold   . . .        (no shield)
rNeg    . . .        a - melded +0 robe
rPois   +            (helmet currently unavailable)
rElec   .            (cloak currently unavailable)
rCorr   .            (gloves currently unavailable)
SInv    .            (boots currently unavailable)
Will    .....        (no amulet)
Stlth   +++          (no ring)
HPRegen 0.29/turn    (no ring)
MPRegen 0.15/turn

%: no passive effects
@: lethally poisoned (0 -> -6), tree-form
A: stationary, stasis, torment immunity, boosted hp
a: Renounce Religion


You were on level 5 of the Dungeon.
You worshipped Ashenzari.
Ashenzari was noncommittal.
You were a tree.
You visited 1 branch of the dungeon, and saw 5 of its levels.

You collected 331 gold pieces.

Inventory:

Hand Weapons
 j - a +1 trident of freezing
 m - a +4 dagger
Armour
 a - a +0 robe (melded)
Magical Staves
 l - a staff of conjuration
 v - a staff of earth (weapon)
Scrolls
 c - 2 scrolls of fog
 d - 2 scrolls of identify {unknown}
 e - a scroll of teleportation
 f - a scroll of noise {unknown}
 g - a scroll of enchant armour {unknown}
 h - a scroll of revelation {unknown}
 n - 5 scrolls of fear {unknown}
 p - 2 scrolls of vulnerability {unknown}
 r - a scroll of silence {unknown}
 u - a scroll of amnesia {unknown}
 x - a scroll of enchant weapon {unknown}
Potions
 b - 2 potions of magic
 q - a potion of attraction {unknown}
 s - a potion of might {unknown}
 t - 2 potions of lignification
 w - a potion of brilliance {unknown}


   Skills:
 + Level 1.8 Fighting
 + Level 4.0 Dodging
 + Level 4.3 Stealth
 * Level 5.8 Spellcasting
 * Level 3.5 Conjurations
 + Level 3.0 Transmutations
 * Level 5.3 Earth Magic


You had 11 spell levels left.
You knew the following spells:

 Your Spells              Type           Power      Damage    Failure   Level
a - Sandblast             Erth           76%        2d16      1%          1
b - Passwall              Tmut/Erth      26%        N/A       3%          2
c - Stone Arrow           Conj/Erth      66%        3d11      5%          3

Your spell library contained the following spells:

 Spells                   Type           Power      Damage    Failure   Level
 Momentum Strike          Conj/Tloc      24%        3d8       9%          2
 Blink                    Tloc           10%        N/A       17%         2
 Lesser Beckoning         Tloc           10%        N/A       17%         2
 Brom's Barrelling Bould  Conj/Erth      33%        2d5       19%         4
 Petrify                  Tmut/Erth      32%        N/A       21%         4
 Call Canine Familiar     Summ           5%         N/A       34%         3
 Sigil of Binding         Hex            5%         N/A       34%         3
 Leda's Liquefaction      Hex/Erth       11%        N/A       36%         4
 Dimensional Bullseye     Hex/Tloc       2%         N/A       75%         4
 Haunt                    Necr/Summ      2%         N/A       100%        7
 Borgnjor's Revivificati  Necr           2%         N/A       100%        8
 Death's Door             Necr           2%         N/A       100%        9


Dungeon Overview and Level Annotations

Branches:
Dungeon (5/15)
 Temple: D:4-7

Altars:
Ashenzari
Elyvilon
Fedhas
Gozag
Makhleb
Ru
Trog
Xom
Yredelemnul

Shops:
D:1 (


Message History

Confirm with . or Enter, or press ? or * to list all spells.
Aiming: Sandblast (safe; 1% risk of failure)
Press: ? - help, Shift-Dir - straight line, f - gnoll
Aim: a gnoll, wielding a +3 spear of venom (87% to hit)
You feel a surge of power!
The blast of sand hits the gnoll but does no damage.
Something hits you but does no damage.
You are poisoned.
Something hits you. The gnoll hits you but does no damage.
Something hits you but does no damage. x2
The gnoll hits you from afar with a +3 spear of venom.
You are more poisoned.
Casting: Sandblast (safe; 1% risk of failure)
Confirm with . or Enter, or press ? or * to list all spells.
Aiming: Sandblast (safe; 1% risk of failure)
Press: ? - help, Shift-Dir - straight line, f/p - gnoll
Aim: a gnoll, wielding a +3 spear of venom (87% to hit)
You feel a surge of power!
The blast of sand hits something!!
Reactivating autopickup.
You feel a bit more experienced.
You feel very sick.
You feel a bit more experienced.
The gnoll hits you from afar with a +3 spear of venom.
* * * LOW HITPOINT WARNING * * *
Casting: Sandblast (safe; 1% risk of failure)
Confirm with . or Enter, or press ? or * to list all spells.
Aiming: Sandblast (safe; 1% risk of failure)
Press: ? - help, Shift-Dir - straight line, f/p - gnoll
Aim: a gnoll, wielding a +3 spear of venom (87% to hit)
You feel a surge of power!
The blast of sand hits the gnoll!
The gnoll is almost dead.
* * * LOW HITPOINT WARNING * * *
You feel very sick.
The gnoll hits you from afar with a +3 spear of venom.
* * * LOW HITPOINT WARNING * * *
The gnoll hits you but does no damage.
It was a potion of degeneration.
There was something very wrong with that liquid.
You feel weakened.
You feel dopey.
You feel clumsy.
You die...

........##...#..##..))..
.#.........###..#...##).
...........##...........
....#..........#....###.
.#.##.............#.. #.
... #.........#.#.###.#.
#. ###.......#.#. ...
#.).....#... ###.
#..♣###.###.# #.
#.....)# .# .. #.
#....)#g .. ....... h# #
#...... .. #...... .#.
##..... ... #..... .# .


You could see a hound and a gnoll.

Vanquished Creatures
  2 ogres (D:4)
  A hound (D:4)
  3 orc priests
  A jelly (D:5)
  A gnoll bouda (D:5)
  An iguana (D:5)
  A sleepcap (D:5)
  4 orc wizards
  8 gnolls
  9 adders
  2 worms
  A dart slug (D:3)
  19 orcs
  10 ball pythons
  8 endoplasms
  5 giant cockroaches
  5 goblins
  7 hobgoblins
  4 quokkas
  7 bats
  A frilled lizard (D:3)
  9 kobolds
  3 rats
112 creatures vanquished.

Vanquished Creatures (others)
  An orc wizard (D:5)
1 creature vanquished.

Grand Total: 113 creatures vanquished

Notes
Turn   | Place    | Note
-------+----------+-------------------------------------------
     0 | D:1      | GreatBamboolord the Deep Elf Earth Elementalist began the
                  | quest for the Orb.
     0 | D:1      | Reached XP level 1. HP: 10/10 MP: 6/6
   100 | D:1      | Reached XP level 2. HP: 15/15 MP: 6/8
   718 | D:1      | Found Fuokhoj's Antique Weapon Shop.
  1180 | D:2      | Reached XP level 3. HP: 19/19 MP: 7/9
  1183 | D:2      | Learned a level 2 spell: Passwall
  1187 | D:2      | Learned a level 3 spell: Stone Arrow
  1647 | D:2      | Reached XP level 4. HP: 24/24 MP: 7/11
  1922 | D:2      | Reached skill level 1 in Conjurations
  2257 | D:3      | Found a faded altar of an unknown god.
  2351 | D:3      | Reached XP level 5. HP: 13/28 MP: 8/13
  2525 | D:3      | Reached skill level 1 in Fighting
  3274 | D:4      | Found a white marble altar of Elyvilon.
  3498 | D:4      | Noticed an ogre
  3502 | D:4      | Killed an ogre
  3503 | D:4      | Reached XP level 6. HP: 34/34 MP: 10/15
  3691 | D:4      | Reached skill level 5 in Spellcasting
  4138 | D:4      | Found a shimmering altar of Xom.
  4138 | D:4      | Found a basalt altar of Yredelemnul.
  4138 | D:4      | Found a broken altar of Ashenzari.
  4138 | D:4      | Found a blossoming altar of Fedhas.
  4143 | D:4      | Reached XP level 7. HP: 38/38 MP: 12/16
  4148 | D:4      | Found a sacrificial altar of Ru.
  4148 | D:4      | Found an opulent altar of Gozag.
  4158 | D:4      | Became a worshipper of Ashenzari the Shackled
  4260 | D:5      | Entered Level 5 of the Dungeon
  4278 | D:5      | Reached skill level 5 in Earth Magic
  4367 | D:5      | Found a bloodstained altar of Trog.
  4368 | D:5      | Found a burning altar of Makhleb.
  4463 | D:5      | HP: 2/58 [gnoll/+3 spear of venom[a gnoll bouda] (6)]
  4464 | D:5      | Succumbed to a gnoll's poison

Illustrated notes

Levels and vault maps discovered:
D:1:      eino_arrival_tree_alley, layout_basic, serial_shops, shop
D:2:      layout_basic
D:3:      layout_basic, chequers_ecumenical_altar_twisty,
          kennysheep_generic_room_15
D:4:      layout_cave_pods, minmay_overflow_temple_hex,
          mainiacjoe_overflow_alcove_1
D:5:      layout_rooms, jmf_multi_god_temple, minmay_temple_entry_glass,
          minmay_mini_ossuary

Skill      XL: |  1  2  3  4  5  6  7 |
---------------+----------------------+-----
Stealth        | 3 4 |  4.3
Dodging        | 3 4 |  4.0
Conjurations   | 1 2 3 |  3.5
Transmutations | 2 3 |  3.0
Spellcasting   | 4 5 |  5.8
Earth Magic    | 4 5 |  5.3
Fighting       | 1 |  1.8

Action                     |  1- 3 |  4- 6 |  7- 9 || total
---------------------------+-------+-------+-------++-------
  Melee: Dagger            |       |     1 |       ||     1
         Staff             |       |       |     4 ||     4
   Cast: Sandblast         |    43 |    92 |    30 ||   165
    Use: Scroll            |     2 |       |       ||     2
         Potion            |       |       |     4 ||     4
 Armour: Robe              |     2 |     9 |     7 ||    18
         Skin              |       |       |    18 ||    18
  Dodge: Dodged            |     1 |    24 |    11 ||    36

Table legend: (Time is in decaauts)
 A = Elapsed time spent in this place.
 B = Non-inter-level travel time spent in this place.
 C = Inter-level travel time spent in this place.
 D = Time resting spent in this place.
 E = Time spent auto-exploring this place.
 F = Levels seen in this place.
 G = Mean time per level.
                   A        B        C        D        E       F      G
               +--------+--------+--------+--------+--------+-----+--------+
         Total |   4545 |   4334 |    211 |      0 |   3764 |   5 |  909.0 |
       Dungeon |   4545 |   4334 |    211 |      0 |   3764 |   5 |  909.0 |
               +--------+--------+--------+--------+--------+-----+--------+

Top non-repeatable levels by time:
     D:3: 1210 daAuts
     D:4: 1115 daAuts
     D:1: 1099 daAuts
     D:2: 900 daAuts
     D:5: 220 daAuts
